 Dungeon Crawl Stone Soup version 0.31-a0-925-g0a390f2509 (webtiles) character file.

Game seed: 16895218789750469348

4960 Joey1 the Cleaver (level 10, -13/126 HPs)
             Began as a Minotaur Berserker on Oct 18, 2023.
             Was an Elder of Trog.
             Mangled by a boulder beetle (18 damage)
             ... on level 1 of the Lair of Beasts.
             The game lasted 00:18:35 (7256 turns).

Joey1 the Cleaver (Minotaur Berserker)              Turns: 7256, Time: 00:18:36

Health: -13/126    AC: 16    Str: 32    XL:     10   Next: 28%
Magic:  9/9        EV:  9    Int:  4    God:    Trog [****..]
Gold:   538        SH:  9    Dex:  9    Spells: 9/9 levels left

rFire   . . .        L - +1 hand axe (flame)
rCold   . . .        E - +0 kite shield
rNeg    . . .        j - +0 chain mail
rPois   +            (helmet restricted)
rElec   .            C - +0 cloak
rCorr   .            v - +2 pair of gloves
SInv    .            r - +1 pair of boots of the Gravedigger {Str+5}
Will    .....        G - amulet of faith Stlth
                     y - ring of flight
HPRegen 0.41/turn    J - ring of poison resistance
MPRegen 0.11/turn

%: faith
@: berserking, flying, very quick
A: horns 2, retaliatory headbutt
a: Renounce Religion, Berserk, Trog's Hand, Brothers in Arms


You were on level 1 of the Lair of Beasts.
You worshipped Trog.
Trog was greatly pleased with you.
You visited 3 branches of the dungeon, and saw 11 of its levels.

You collected 538 gold pieces.

Inventory:

Hand Weapons
 a - a +0 hand axe
 L - a +1 hand axe of flaming (weapon)
 O - a +4 mace of freezing
Missiles
 m - 16 poisoned darts
 D - a throwing net
 R - 4 javelins
Armour
 b - a +0 animal skin
 c - a +0 ring mail
 j - a +0 chain mail (worn)
 r - the +1 pair of boots of the Gravedigger (worn) {Str+5}
   (You found it on level 3 of the Dungeon)

   Str+5:     It affects your strength (+5).
 v - a +2 pair of gloves (worn)
 C - a +0 cloak (worn)
 E - a +0 kite shield (worn)
Jewellery
 d - an amulet of guardian spirit
 y - a ring of flight (left hand)
 G - an amulet of faith (around neck)
 H - a ring of ice
 J - a ring of poison resistance (right hand)
Wands
 p - a wand of roots (13)
 N - a wand of paralysis (3)
 Q - a wand of flame (11)
 S - a wand of polymorph (4)
Scrolls
 f - 2 scrolls of amnesia
 g - a scroll of blinking {unknown}
 h - 2 scrolls of revelation
 i - 2 scrolls of teleportation
 k - 2 scrolls of enchant weapon {unknown}
 o - 2 scrolls of enchant armour {unknown}
 u - a scroll of noise {unknown}
 A - a scroll of fear {unknown}
 K - a scroll of vulnerability {unknown}
 M - a scroll of immolation {unknown}
 P - a scroll of acquirement {unknown}
 T - a scroll of poison {unknown}
Potions
 e - 2 potions of cancellation
 l - 2 potions of berserk rage
 n - 2 potions of resistance
 q - a potion of might {unknown}
 s - 2 potions of enlightenment
 t - 2 potions of heal wounds
 w - a potion of ambrosia {unknown}
 x - 2 potions of curing {unknown}
 z - a potion of lignification
 B - a potion of degeneration {unknown}
 F - a potion of attraction {unknown}
 I - 2 potions of haste {unknown}


   Skills:
 + Level 6.3 Fighting
 * Level 14.9 Axes
 - Level 5.0 Armour
 - Level 2.1 Dodging
 + Level 8.1 Shields


You had 9 spell levels left.
You didn't know any spells.
Your spell library was empty.

Dungeon Overview and Level Annotations

Branches:
Dungeon (9/15)             Temple (1/1) D:6            Lair (1/5) D:8
    Orc: D:9-12

Altars:
Ashenzari
Dithmenos
Elyvilon
Fedhas
Gozag
Kikubaaqudgha
Nemelex Xobeh
Okawaru
Qazlal
Ru
Sif Muna
Trog
Uskayaw
Vehumet
Xom
Yredelemnul
Zin
The Shining One


Innate Abilities, Weirdness & Mutations

You have a pair of horns on your head.
You reflexively headbutt those who attack you in melee.


Message History

You block the boulder beetle's attack.
You hit the boulder beetle but do no damage.
The boulder beetle is severely wounded.
You block the boulder beetle's attack.
You hit the boulder beetle. You burn the boulder beetle.
The boulder beetle is severely wounded.
You hit the boulder beetle. You burn the boulder beetle.
The boulder beetle is severely wounded.
The boulder beetle waves its antennae.
You block the boulder beetle's attack.
You barely miss the boulder beetle.
The boulder beetle is severely wounded.
The boulder beetle bites you!!
* * * LOW HITPOINT WARNING * * *
Aiming: Paralyse
Press: ? - help, Shift-Dir - straight line, f - boulder beetle
Aim: a boulder beetle (severely wounded, chance to affect: 31%)
The boulder beetle easily resists.
The boulder beetle bites you!
* * * LOW HITPOINT WARNING * * *
Aiming: Fastroot
Press: ? - help, Shift-Dir - straight line, f/p - boulder beetle
Aim: a boulder beetle (severely wounded)
The roots erupt in riotous growth!
Roots grab the boulder beetle.
The grasping roots constrict the boulder beetle.
The boulder beetle bites you!
* * * LOW HITPOINT WARNING * * *
A red film seems to cover your vision as you go berserk!
You feel yourself moving faster!
You feel mighty!
The grasping roots constrict the boulder beetle.
The roots release their grip on the boulder beetle.
The boulder beetle barely misses you. You furiously retaliate!
You headbutt the boulder beetle.
You hit the boulder beetle but do no damage.
The boulder beetle is severely wounded.
You hit the boulder beetle but do no damage.
You headbutt the boulder beetle, but do no damage.
The boulder beetle is severely wounded.
The boulder beetle bites you!!
You die...

............#.....
..........................
..........................(
.........................(P.
........................(..(.
..............................
.................♣............
..................8[..........
............†@B..♣○...........
..............................
...............###############
............#### .........####
.......### .!....# .....#
....#


You could see a boulder beetle.

Vanquished Creatures
  A manticore (D:9)
  A black mamba (Lair:1)
  Psyche (D:9)
  A komodo dragon (Lair:1)
  A hornet (D:9)
  4 yaks (D:9)
  2 steam dragons
  A water moccasin (Lair:1)
  2 orc warriors
  A sky beast (D:7)
  An ogre (D:5)
  3 centaurs
  3 phantoms (D:5)
  5 bullfrogs
  A kobold brigand (D:7)
  2 scorpions
  2 gnoll sergeants
  5 wights (D:8)
  3 howler monkeys (D:8)
  2 jellies
  2 orc priests
  4 hounds
  A sleepcap (D:7)
  A gnoll bouda (D:6)
  4 iguanas
  6 orc wizards
  2 hound zombies (D:4)
  10 adders
  9 gnolls
  4 dart slugs
  17 orcs
  5 ball pythons
  2 bats
  7 endoplasms
  2 giant cockroaches
  5 goblins
  5 hobgoblins
  3 jackals (D:4)
  11 kobolds
  7 quokkas
  2 frilled lizards
  8 rats
159 creatures vanquished.

Notes
Turn   | Place    | Note
-------+----------+-------------------------------------------
     0 | D:1      | Joey1 the Minotaur Berserker began the quest for the Orb.
     0 | D:1      | Reached XP level 1. HP: 19/19 MP: 0/0
   291 | D:1      | Reached skill level 4 in Axes
   291 | D:1      | Reached XP level 2. HP: 27/27 MP: 1/1
  1018 | D:2      | Reached XP level 3. HP: 18/33 MP: 2/2
  1137 | D:2      | Found a sparkling altar of Nemelex Xobeh.
  1181 | D:2      | Identified the +6 dagger of the Maze {drain, Dex+4}
  1494 | D:2      | Reached ** piety under Trog
  1815 | D:3      | Found an iron altar of Okawaru.
  1827 | D:3      | Reached XP level 4. HP: 41/41 MP: 3/3
  1833 | D:3      | Reached skill level 5 in Axes
  2349 | D:3      | Identified the +1 pair of boots of the Gravedigger {Str+5}
  2597 | D:4      | Reached XP level 5. HP: 39/47 MP: 4/4
  2676 | D:4      | Reached skill level 6 in Axes
  2684 | D:4      | Reached skill level 5 in Fighting
  2691 | D:4      | Found a basalt altar of Yredelemnul.
  2819 | D:4      | Reached XP level 6. HP: 56/56 MP: 5/5
  2995 | D:4      | Reached skill level 7 in Axes
  3265 | D:5      | Entered Level 5 of the Dungeon
  3265 | D:5      | Found a white marble altar of Elyvilon.
  3274 | D:4      | Reached *** piety under Trog
  3312 | D:5      | Reached skill level 5 in Armour
  3407 | D:5      | Reached skill level 8 in Axes
  3407 | D:5      | Reached XP level 7. HP: 61/61 MP: 4/6
  3552 | D:5      | Reached skill level 9 in Axes
  3982 | D:5      | Reached skill level 10 in Axes
  3985 | D:5      | Reached XP level 8. HP: 49/68 MP: 3/7
  4376 | D:6      | Reached skill level 1 in Shields
  4532 | D:6      | Found a hide-covered altar of Uskayaw.
  4586 | D:6      | Found a large runed translucent door.
  4587 | D:6      | Found a large runed translucent door.
  4595 | D:6      | Found a broken altar of Ashenzari.
  4653 | D:6      | Identified the +1 robe "Seiqacli" {rElec rC+ rN+ Dex-3}
  4656 | D:6      | Found a staircase to the Ecumenical Temple.
  4804 | D:6      | Found an ancient bone altar of Kikubaaqudgha.
  4820 | D:6      | Found a stormy altar of Qazlal.
  4897 | Temple   | Entered the Ecumenical Temple
  4979 | D:7      | Reached skill level 11 in Axes
  5351 | D:7      | Reached skill level 12 in Axes
  5776 | D:7      | Reached XP level 9. HP: 74/74 MP: 8/8
  5899 | D:8      | Reached skill level 5 in Shields
  5973 | D:8      | Reached **** piety under Trog
  6020 | D:8      | Found a staircase to the Lair.
  6138 | D:8      | Reached skill level 13 in Axes
  6280 | D:8      | Found a glowing silver altar of Zin.
  6332 | D:8      | Found a radiant altar of Vehumet.
  6516 | D:8      | Found a shimmering blue altar of Sif Muna.
  6628 | D:9      | Noticed Psyche
  6634 | D:9      | Paralysed by something for 2 turns
  6645 | D:9      | Killed Psyche
  6647 | D:9      | Found a shimmering altar of Xom.
  6806 | D:9      | Reached skill level 14 in Axes
  6867 | D:9      | Reached XP level 10. HP: 68/81 MP: 9/9
  6935 | D:9      | Noticed a manticore
  6945 | D:9      | Killed a manticore
  7072 | D:9      | Found a blossoming altar of Fedhas.
  7136 | Lair:1   | Entered Level 1 of the Lair of Beasts
  7214 | Lair:1   | Noticed a black mamba
  7218 | Lair:1   | Noticed a boulder beetle
  7230 | Lair:1   | Killed a black mamba
  7253 | Lair:1   | HP: 3/84 [boulder beetle (9)]
  7256 | Lair:1   | Mangled by a boulder beetle

Illustrated notes

Levels and vault maps discovered:
D:1:      saegor_arrival_fortress, layout_basic, minmay_misc_feat_more_columns
D:2:      layout_rooms, basic_altar, serial_bayou, serial_bayou_shore_b,
          serial_bayou_lagoon_a, serial_bayou_pond_b, serial_bayou_pond_d,
          minmay_hexomino_f4
D:3:      layout_basic, mainiacjoe_overflow_cross_hatched
D:4:      layout_cave_pools, lemuel_zombie_altar_yredelemnul,
          minmay_three_crescents
D:5:      layout_cave_pods, mainiacjoe_overflow_tiny_flanked
D:6:      layout_cave_pools, mainiacjoe_overflow_catwalk,
          general_overflow_altar, jmf_multi_god_temple2, temple_hall,
          serial_rivers, chequers_serial_rivers_small_a,
          chequers_serial_rivers_large_a, chequers_serial_rivers_micro_d,
          chequers_serial_rivers_small_b
D:7:      layout_loops_cross, kennysheep_generic_room_13
D:8:      layout_cave_pools, lemuel_doored_altar, lemuel_blue_sif_altar,
          nicolae_overflow_hidden_temple, lair_entry_dummy
D:9:      layout_roguey, nicolae_hepliaklqana_monster_ancestors,
          fedhas_bush_and_centaur_altar, xom_teletrap_fun, uniq_psyche
Temple:   nicolae_temple_two_arcs
Lair:1:   kb_forest_paths, layout_regular_city, dreamdust_deal_with_the_devil,
          minivault_25, lemuel_oklob_altar, lemuel_fruit_tree

Skill      XL: |  1  2  3  4  5  6  7  8  9 10 |
---------------+-------------------------------+-----
Axes           | 4 5 6 8 10 12 14 | 14.9
Fighting       | 4 5 6 |  6.3
Armour         | 3 4 5 |  5.0
Shields        | 4 7 8 |  8.1
Dodging        | |  2.1

Action                     |  1- 3 |  4- 6 |  7- 9 | 10-12 || total
---------------------------+-------+-------+-------+-------++-------
  Melee: Hand axe          |    69 |   124 |   258 |    44 ||   495
         Headbutt          |     8 |    15 |    54 |    12 ||    89
         Punch             |     1 |     2 |     1 |       ||     4
 Invoke: Berserk           |     1 |     2 |     1 |     2 ||     6
         Trog's Hand       |       |     1 |       |       ||     1
  Evoke: Wand              |       |       |       |     2 ||     2
    Use: Scroll            |       |       |     9 |       ||     9
 Armour: Animal skin       |     4 |       |       |       ||     4
         Ring mail         |    31 |       |       |       ||    31
         Chain mail        |    20 |   116 |   165 |    28 ||   329
  Dodge: Dodged            |    41 |    47 |    83 |    19 ||   190
  Block: Kite shield       |       |       |    34 |    20 ||    54

Table legend: (Time is in decaauts)
 A = Elapsed time spent in this place.
 B = Non-inter-level travel time spent in this place.
 C = Inter-level travel time spent in this place.
 D = Time resting spent in this place.
 E = Time spent auto-exploring this place.
 F = Levels seen in this place.
 G = Mean time per level.
                   A        B        C        D        E       F      G
               +--------+--------+--------+--------+--------+-----+--------+
         Total |   7235 |   6834 |    401 |    430 |   5297 |  11 |  657.7 |
       Dungeon |   7125 |   6725 |    400 |    430 |   5245 |   9 |  791.7 |
        Temple |      1 |      1 |      0 |      0 |      0 |   1 |    1.0 |
          Lair |    108 |    108 |      0 |      0 |     52 |   1 |  108.0 |
               +--------+--------+--------+--------+--------+-----+--------+

Top non-repeatable levels by time:
     D:1: 1121 daAuts
     D:5: 1018 daAuts
     D:3: 822 daAuts
     D:7: 763 daAuts
     D:6: 741 daAuts
     D:8: 740 daAuts
     D:4: 729 daAuts
     D:2: 652 daAuts
     D:9: 536 daAuts
  Lair:1: 108 daAuts
  Temple: 1 daAuts
